 Dungeon Crawl Stone Soup version 0.28.0-43-g3370ac3207 (webtiles) character file.

Game seed: 3254486163689814502

2533 Zonian the Chiller (level 9, -4/57 HPs)
             Began as a Demonspawn Ice Elementalist on Mar 2, 2022.
             Was a Follower of Ashenzari.
             Slain by an ogre
             ... wielding a +0 giant spiked club
              (26 damage)
             ... on level 7 of the Dungeon.
             The game lasted 00:21:26 (10776 turns).

Zonian the Chiller (Demonspawn Ice Elementalist)   Turns: 10776, Time: 00:21:27

Health: -4/57      AC: 10    Str:  8    XL:     9   Next: 30%
Magic:  14/17      EV: 16    Int: 21    God:    Ashenzari [*.....]
Gold:   337        SH:  0    Dex: 14    Spells: 8/19 levels left

rFire   . . .      SeeInvis .   e - +3 whip (flame)
rCold   . . .      Faith    .   (no shield)
rNeg    . . .      Spirit   .   l - +2 steam dragon scales of the All-seeing Oracle {Fort, Range} (curse)
rPois   .          Reflect  .   d - +0 helmet of Ashenzari's Seeker {Alch, Elem} (curse)
rElec   .          Harm     .   y - +0 cloak
rCorr   +          Rampage  .   (no gloves)
Will    .....                   z - +0 pair of boots
Stlth   +++.......              (no amulet)
HPRegen 0.19/turn               j - ring of resist corrosion
MPRegen 0.30/turn               (no ring)

@: freezing walls
A: repulsion field 1, demonic guardian 1, magic regeneration, weakness stinger 2
a: Renounce Religion, Curse Item, Shatter the Chains


You were on level 7 of the Dungeon.
You worshipped Ashenzari.
Ashenzari was aware of your devotion.
You visited 1 branch of the dungeon, and saw 7 of its levels.
You also visited: Ossuary.

You collected 337 gold pieces.

Inventory:

Hand Weapons
 b - a +0 dagger
 e - a +3 whip of flaming (weapon)
Missiles
 p - 8 poisoned darts
 u - 6 javelins
Armour
 a - a +1 robe
 d - the cursed +0 helmet of Ashenzari's Seeker (worn) {Alch, Elem}
   (You took it off Robin on level 4 of the Dungeon)

   It has a curse which improves the following skills: Alchemy: Poison Magic and
   Transmutations.
   Elements:  Fire Magic, Ice Magic, Air Magic and Earth Magic.
 l - the cursed +2 steam dragon scales of the All-seeing Oracle (worn) {Fort, Range}
   (You found it on level 6 of the Dungeon)

   It has a curse which improves the following skills: Fortitude: Armour and
   Shields.
   Ranged Combat: Slings, Bows, Crossbows and Throwing.
 y - a +0 cloak (worn)
 z - a +0 pair of boots (worn)
Jewellery
 j - a ring of resist corrosion (left hand)
Wands
 c - a wand of flame (10)
 v - a wand of charming (8)
Scrolls
 k - a scroll of summoning
 m - 5 scrolls of teleportation
 o - a scroll of identify
 r - 3 scrolls of fear
 t - a scroll of magic mapping
Potions
 f - a potion of brilliance
 g - 4 potions of mutation
 h - 2 potions of lignification
 i - a potion of might
 n - a potion of berserk rage
 q - 3 potions of magic
 s - a potion of invisibility
 w - a potion of flight
 x - 2 potions of curing


   Skills:
 + Level 3.5 Maces & Flails
 + Level 5.5 Dodging
 + Level 6.1 Stealth
 + Level 5.7 Spellcasting
 + Level 1.5 Conjurations
 + Level 6.5(7.4) Ice Magic


You had 8 spell levels left.
You knew the following spells:

 Your Spells              Type           Power      Damage    Failure   Level
a - Freeze                Ice            100%       1d11      1%          1
b - Frozen Ramparts       Ice            74%        1d9       1%          3
c - Ozocubu's Armour      Ice            37%        N/A       1%          3
d - Hailstorm             Conj/Ice       24%        3d7       16%         4

Your spell library contained the following spells:

 Spells                   Type           Power      Damage    Failure   Level
 Ensorcelled Hibernation  Hex/Ice        42%        N/A       3%          2
 Beastly Appendage        Tmut           12%        N/A       10%         1
 Wereblood                Tmut           6%         N/A       14%         2
 Spider Form              Tmut/Pois      6%         N/A       28%         3
 Confusing Touch          Hex            5%         N/A       30%         3
 Gell's Gravitas          Tloc           5%         N/A       30%         3
 Summon Guardian Golem    Hex/Summ       5%         N/A       30%         3
 Teleport Other           Tloc           5%         N/A       30%         3
 Anguish                  Hex/Necr       2%         N/A       69%         4
 Yara's Violent Unravell  Hex/Tmut       3%         3d4       95%         5
 Dispersal                Tloc           2%         N/A       100%        6
 Enfeeble                 Hex            2%         N/A       100%        7
 Orb of Destruction       Conj           6%         9d6       100%        7
 Spellforged Servitor     Conj/Summ      4%         N/A       100%        7


Dungeon Overview and Level Annotations

Branches:
Dungeon (7/15)             Temple (0/1) D:5         Ossuary (visited)

Altars:
Ashenzari
Fedhas
Hepliaklqana
Nemelex Xobeh
Sif Muna
Uskayaw
Wu Jian
The Shining One

Shops:
D:5 (

Annotations:
D:4 1 runed translucent door, Crazy Yiuf
D:5 2 transporters, hikkokomori's ghost, novice HOFi
D:6 Grinder


Innate Abilities, Weirdness & Mutations

You are surrounded by a mild repulsion field. (EV +2)
A weak demonic guardian rushes to your aid.
You regenerate magic rapidly.
You have a tail ending in a sharp stinger.


Message History

Found a +0 hunting sling.
Unknown command.
u - 6 javelins (gained 3)
There are no items here.
You see here a +0 pair of boots.
z - a +0 pair of boots Unknown command.
You start putting on your armour.
You continue putting on your +0 pair of boots. x4
You finish putting on your +0 pair of boots.
Unknown command.
You open the door.
There is an open door here.
An ogre comes into view. It is wielding a +0 giant spiked club.
Found a +0 short sword.
An ogre is nearby!
Unknown command.
The helpless ogre fails to defend itself.
You whack the ogre! You burn the ogre.
The ogre is heavily wounded.
The ogre closely misses you.
You barely miss the ogre.
The ogre is heavily wounded.
The ogre hits you with a +0 giant spiked club!
You hit the ogre. You burn the ogre.
The ogre is heavily wounded.
Unknown command.
Casting: Frozen Ramparts (safe; 1% risk of failure)
Confirm with . or Enter, or press ? or * to list all spells.
Casting: Frozen Ramparts (safe; 1% risk of failure)
Press: ? - help, Dir - look around, f - activate The walls around you are covered in ice.
The wall freezes the ogre.
The ogre hits you with a +0 giant spiked club!!
Unknown command.
You hit the ogre. You burn the ogre.
The ogre is severely wounded.
The wall freezes the ogre.
The ogre hits you with a +0 giant spiked club!!
You die...

'....#...........
#....#..........#
#....#..........#
#....#..........#
#....# .........#
###.## ........# #
#.# #....## # #.#
#.....# #.# ##.##@#
#.#########.#.O.....#
#...........#.)######
################


You could see an ogre.

Vanquished Creatures
  Pikel (D:4)
  Sigmund (D:4)
  A steam dragon (D:6)
  A water moccasin (D:5)
  An acid dragon (D:5)
  2 ice beasts
  A centaur (D:5)
  A bullfrog (D:7)
  5 scorpions
  A water moccasin skeleton (D:4)
  A centaur zombie (D:5)
  3 hounds
  2 human zombies (Ossuary)
  A bullfrog zombie (D:4)
  4 iguanas
  An orc priest (D:4)
  A bullfrog skeleton (D:6)
  3 scorpion zombies (D:4)
  An orc wizard (D:4)
  5 hound zombies
  5 mummies (Ossuary)
  A howler monkey skeleton (D:6)
  Robin (D:4)
  4 gnolls (D:4)
  6 adders
  An ufetubus (D:6)
  An adder zombie (D:4)
  3 worms
  3 dart slugs
  8 orcs
  9 ball pythons
  7 endoplasms
  A giant cockroach (D:3)
  A gnoll zombie (Ossuary)
  17 goblins
  12 hobgoblins
  5 jackals
  5 kobolds
  2 quokkas
  2 bats
  2 kobold zombies (Ossuary)
  2 orc zombies (Ossuary)
  2 rats
137 creatures vanquished.

Vanquished Creatures (collateral kills)
  A lemure (D:4)
  A bullfrog zombie (D:5)
  A human zombie (Ossuary)
  An adder (D:3)
  A dart slug (D:1)
  A ball python (D:2)
  A hobgoblin (D:1)
  2 jackals (D:1)
  A rat (D:2)
10 creatures vanquished.

Vanquished Creatures (others)
  6 withered plants (D:4)
6 creatures vanquished.

Grand Total: 153 creatures vanquished

Notes
Turn   | Place    | Note
-------+----------+-------------------------------------------
     0 | D:1      | Zonian the Demonspawn Ice Elementalist began the quest for
                  | the Orb.
     0 | D:1      | Reached XP level 1. HP: 13/13 MP: 3/3
   841 | D:1      | You fall into a shaft and drop 1 floor!
   936 | D:1      | Gained mutation: A weak demonic guardian rushes to your
                  | aid. [demonic ancestry]
   936 | D:1      | Reached XP level 2. HP: 15/19 MP: 3/5
  1081 | D:1      | Found a faded altar of an unknown god.
  1082 | D:1      | Noticed a great orb of eyes
  1087 | D:1      | Noticed a golden eye
  1139 | D:1      | Noticed an eye of devastation
  1142 | D:1      | Noticed an eye of devastation
  1818 | D:1      | Gained mutation: You have a small tail. [demonic ancestry]
  1818 | D:1      | Reached XP level 3. HP: 20/24 MP: 2/6
  2099 | D:1      | Learned a level 3 spell: Frozen Ramparts
  2918 | D:2      | Reached XP level 4. HP: 25/30 MP: 2/7
  3876 | D:3      | Found an ornate altar of the Wu Jian Council.
  3880 | D:3      | Found a hazy altar of Hepliaklqana.
  3880 | D:3      | Found a sparkling altar of Nemelex Xobeh.
  3880 | D:3      | Found a shimmering blue altar of Sif Muna.
  3882 | D:3      | Found a hide-covered altar of Uskayaw.
  3883 | D:3      | Found a broken altar of Ashenzari.
  3884 | D:3      | Found a blossoming altar of Fedhas.
  3894 | D:3      | Became a worshipper of Ashenzari the Shackled
  4505 | D:4      | Noticed an ice beast
  4610 | D:4      | Gained mutation: You are surrounded by a mild repulsion
                  | field. (EV +2) [demonic ancestry]
  4610 | D:4      | Reached XP level 5. HP: 26/35 MP: 5/9
  4726 | D:4      | Noticed a lemure
  4726 | D:4      | Noticed a lemure
  4726 | D:4      | Noticed a lemure
  4726 | D:4      | Noticed a lemure
  4726 | D:4      | Noticed Pikel
  4768 | D:4      | Killed a lemure
  4778 | D:4      | Killed Pikel
  4779 | D:4      | Reached skill level 5 in Ice Magic
  4779 | D:4      | Reached XP level 6. HP: 22/41 MP: 6/11
  4779 | D:4      | Gained mutation: You regenerate magic rapidly. [demonic
                  | ancestry]
  4779 | D:4      | Reached XP level 7. HP: 25/46 MP: 6/12
  4937 | D:4      | Noticed Sigmund
  5085 | D:4      | Learned a level 3 spell: Ozocubu's Armour
  5430 | D:4      | Killed Sigmund
  5431 | D:4      | Reached skill level 1 in Maces & Flails
  5498 | D:4      | Reached XP level 8. HP: 47/52 MP: 10/14
  5832 | D:4      | Noticed Robin
  5849 | D:4      | Killed Robin
  6070 | D:4      | Found a runed translucent door.
  6071 | D:4      | Noticed Crazy Yiuf
  6109 | D:4      | Reached skill level 5 in Stealth
  6704 | D:5      | Entered Level 5 of the Dungeon
  6765 | D:5      | Found Omel's Antique Weapon Emporium.
  6772 | D:5      | Found a sand-covered staircase.
  6805 | Ossuary  | Entered an ossuary
  7578 | D:5      | Found a staircase to the Ecumenical Temple.
  7608 | D:5      | Reached skill level 5 in Spellcasting
  7808 | D:5      | Reached skill level 5 in Dodging
  8573 | D:5      | Found a transporter.
  8573 | D:5      | Noticed hikkokomori's ghost (novice HOFi)
  8578 | D:5      | Found a transporter.
  8693 | D:5      | Gained mutation: You have a tail ending in a sharp stinger.
                  | [demonic ancestry]
  8693 | D:5      | Reached XP level 9. HP: 51/57 MP: 15/17
  8698 | D:5      | Learned a level 4 spell: Hailstorm
  9628 | D:6      | Reached skill level 1 in Conjurations
 10211 | D:6      | Reached * piety under Ashenzari
 10282 | D:6      | Noticed Grinder
 10776 | D:7      | Slain by an ogre

Illustrated notes

Levels and vault maps discovered:
D:1:      wheals_arrival_shading, layout_basic,
          hellmonk_ecumenical_altar_watching_god
D:2:      layout_rooms, serial_curves, eino_curves_04, eino_curves_02,
          minmay_statues_item, kennysheep_generic_room_10
D:3:      layout_rooms, grunt_temple_overflow_open
D:4:      layout_basic, serial_undead, serial_undead_d, serial_undead_f,
          serial_undead_d, serial_undead_b, serial_undead_e, serial_undead_e,
          minmay_misc_feat_five, uniq_crazy_yiuf_cottage, uniq_sigmund,
          uniq_robin, uniq_pikel
D:5:      layout_basic, minmay_temple_entry_glass, gup_sewer_entry_glass,
          gammafunk_ghost_mausoleum, nicolae_ossuary_entry_false_entrances,
          serial_shops, shop, minmay_misc_feat_alley
D:6:      layout_basic, minmay_misc_feat_pillars, uniq_grinder
D:7:      kennysheep_windowed_halls, layout_basic,
          chequers_serial_rivers_micro_d, roderic_batcave

Skill      XL: |  1  2  3  4  5  6  7  8  9 |
---------------+----------------------------+-----
Stealth        | 2 4 5 6 |  6.1
Dodging        | 2 3 4 5 |  5.5
Ice Magic      | 4 5 6 |  6.5
Spellcasting   | 3 4 5 |  5.7
Maces & Flails | 1 3 |  3.5
Conjurations   | 1 |  1.5

Action                   |  1- 3 |  4- 6 |  7- 9 || total
-------------------------+-------+-------+-------++-------
Melee: Unarmed           |     7 |       |       ||     7
       Dagger            |    26 |    66 |     5 ||    97
       Tailslap          |     1 |     9 |    48 ||    58
       Whip              |       |       |   305 ||   305
       Punch             |       |       |     4 ||     4
 Cast: Freeze            |    52 |    38 |    20 ||   110
       Frozen Ramparts   |       |     2 |    13 ||    15
       Ozocubu's Armour  |       |       |     2 ||     2
Invok: Curse Item        |       |       |     2 ||     2
Evoke: Wand              |       |       |    21 ||    21
  Use: Scroll            |       |     6 |     9 ||    15
       Potion            |       |     3 |     4 ||     7
 Stab: Sleeping          |     4 |     2 |     8 ||    14
       Distracted        |       |       |     2 ||     2
Armor: Robe              |     9 |    23 |    68 ||   100
       Steam dragon scal |       |       |     7 ||     7
Dodge: Dodged            |    34 |    54 |   248 ||   336
